 Dungeon Crawl Stone Soup version 0.16-a0-3212-g68818ff (webtiles) character file.

3960 Johnny the Fighter (level 10, -4/80 HPs)
             Began as a Mummy Hunter on Dec 19, 2014.
             Was a Priest of Okawaru.
             Slain by an ogre
             ... wielding a +0 giant club
              (9 damage)
             ... on level 8 of the Dungeon.
             The game lasted 00:20:49 (10875 turns).

Johnny the Fighter (Mummy Hunter)                  Turns: 10875, Time: 00:20:50

Health: -4/80      AC:  8    Str: 15    XL:     10   Next: 2%
Magic:  10/10      EV: 17    Int: 10    God:    Okawaru [***...]
Gold:   318        SH:  0    Dex: 15    Spells: 0 memorised, 9 levels left

rFire  x . .     SeeInvis .     x - +3 battleaxe (venom)
rCold  + . .     Clarity  .     d - +0 leather armour
rNeg   + + +     SustAb   .     (no shield)
rPois  ∞         Gourm    .     i - +2 helmet
rElec  .         Spirit   .     j - +0 cloak
rCorr  .         Warding  .     (no gloves)
rMut   .         Stasis   .     (no boots)
MR     +....                    (no amulet)
Stlth  +.........               (no ring)
                                f - +2 ring of evasion

@: somewhat resistant to hostile enchantments, very unstealthy
A: no food or potions, fire vulnerability, restore body, cold resistance 1,
negative energy resistance 3, poison resistance, torment resistance, unbreathing
a: Heroism, Renounce Religion


You were on level 8 of the Dungeon.
You worshipped Okawaru.
Okawaru was most pleased with you.
You were not hungry.

You visited 2 branches of the dungeon, and saw 10 of its levels.

You collected 615 gold pieces.
You spent 297 gold pieces at shops.

Inventory:

Hand weapons
 b - a +1 hand crossbow
 r - a +0 flail of draining
 s - a +0 mace of crushing
 u - a -2 rapier
 x - a +3 battleaxe of venom (weapon)
Missiles
 c - 51 bolts
Armour
 d - a +0 leather armour (worn)
 i - a +2 helmet (worn)
 j - a +0 cloak (worn)
Jewellery
 e - an uncursed ring of sustain abilities {unknown}
 f - a +2 ring of evasion (left hand)
 y - a +5 ring of slaying {unknown}
Magical devices
 a - a wand of lightning (0)
 h - a wand of flame (6)
 l - a wand of frost (0)
 t - a wand of digging (12)
 w - a wand of slowing (22)
Scrolls
 g - 5 scrolls of remove curse
 k - 2 scrolls of random uselessness
 m - a scroll of identify
 n - 4 scrolls of teleportation
 o - a scroll of enchant armour
 p - a scroll of recharging {unknown}
 q - 3 scrolls of noise
 v - 2 scrolls of fog


   Skills:
 * Level 8.0 Fighting
 * Level 8.0 Crossbows
 + Level 4.4 Armour
 + Level 5.7 Dodging
 - Level 0.7 Stealth


You had 9 spell levels left.
You didn't know any spells.

Dungeon Overview and Level Annotations

Branches:
Dungeon (9/15)             Temple (1/1) D:4
   Lair: D:8-11         Orc: D:9-12

Altars:
Ashenzari
Cheibriados
Fedhas
Makhleb
Nemelex Xobeh
Okawaru
Ru
Sif Muna
Vehumet
Zin
The Shining One

Shops:
D:6 (


Innate Abilities, Weirdness & Mutations

You do not eat or drink.
Your flesh is vulnerable to fire.
Your flesh is cold resistant.
You are immune to negative energy.
Your system is resistant to poisons.
You are immune to unholy pain and torment.
You can survive without breathing.


Message History

You barely miss the ogre. The ogre hits you with a giant club!!
You hit the ogre.
The ogre is poisoned.
The ogre is lightly wounded.
The ogre hits you with a giant club! The ogre hits you with a giant club!!
* * * LOW HITPOINT WARNING * * *
Read which item? (? for menu, Esc to quit)
Okay, then.
Evoke which item? (* to show all) (? for menu, Esc to quit)
Zapping:
w - a wand of slowing {zapped: 2} (will waste charges)
Press: ? - help, Shift-Dir - straight line, f - ogre
Aim: an ogre, wielding a giant club (moderately wounded, poisoned)
The ogre seems to slow down.
Evoking this partially-identified wand wasted a few charges.
You barely miss the ogre.
The ogre is moderately wounded.
The ogre barely misses you.
You barely miss the ogre.
The ogre is heavily wounded.
The ogre hits you with a giant club!
You die...

###.##.###)# #.##.#.#
#... #.##..##.#
#....#.##### ####
#.###....#
#..........### #.#
#..#.#####.##.#####.#..
##.# #..#.......##.#
#.#.#
##..###...)[..#####.#
#.#.## ..#......##.#[#
#.# #!#..
##........(...#####.#
#.#.#
#..............@##.#
#.#)#####
##.###.###.##[O.##.#
#...)...# #.#
#.###.....[...#
###)###.#
#.###...........[.#
#.†....
###................##
#.###.#
..#.#######.#....###
#.# #
#.#.#######.#....# #.#
............#..### #..
.############.># ###


You could see an ogre.

Vanquished Creatures
  2 orc warriors
  2 phantoms
  2 sky beasts
  A black bear (D:8)
  2 ice beasts
  4 centaurs
  4 ogres
  5 big kobolds (D:5)
  4 scorpions
  2 giant frogs
  A water moccasin skeleton (D:8)
  5 killer bees (D:7)
  3 crimson imps
  10 orc priests
  2 jellies
  A quasit (D:7)
  A centaur zombie (D:8)
  A centaur skeleton (D:4)
  3 hounds
  An iguana (D:7)
  9 orc wizards
  A giant frog skeleton (D:5)
  9 worker ants
  Jessica (D:2)
  A hound zombie (D:8)
  A worker ant zombie (D:7)
  8 gnolls (D:5)
  3 adders
  2 shadow imps
  A giant mite (D:4)
  7 worms
  An orc zombie (D:7)
  3 giant geckos
  2 oozes (D:6)
  37 orcs
  4 bat skeletons
  A bat zombie (D:5)
  17 goblins
  15 hobgoblins
  7 jackals
  3 quokkas
  9 bats
  5 giant cockroaches
  A giant gecko skeleton (D:4)
  5 giant newts
  A goblin zombie (D:7)
  43 kobolds
  10 rats
263 creatures vanquished.

Notes
Turn   | Place    | Note
--------------------------------------------------------------
     0 | D:1      | Johnny, the Mummy Hunter, began the quest for the Orb.
     0 | D:1      | Reached XP level 1. HP: 16/16 MP: 1/1
   596 | D:1      | Reached XP level 2. HP: 20/22 MP: 2/2
   708 | D:2      | Noticed Jessica
   713 | D:2      | Killed Jessica
   713 | D:2      | Reached XP level 3. HP: 17/28 MP: 3/3
  1484 | D:3      | Reached XP level 4. HP: 26/34 MP: 4/4
  1687 | D:3      | Reached skill level 4 in Crossbows
  2649 | D:4      | Noticed an ogre
  2656 | D:4      | Killed an ogre
  2656 | D:4      | Reached XP level 5. HP: 31/41 MP: 5/5
  2864 | D:4      | HP: 1/41 [orc/dagger (4)]
  2876 | D:4      | HP: 1/41 [something (2)]
  2882 | D:4      | HP: 1/41 [something (1)]
  3326 | D:4      | Reached XP level 6. HP: 25/47 MP: 6/6
  3569 | D:4      | Found a staircase to the Ecumenical Temple.
  3594 | D:4      | Reached skill level 5 in Crossbows
  3648 | Temple   | Entered the Ecumenical Temple
  3683 | Temple   | Became a worshipper of Warmaster Okawaru
  3819 | D:5      | Entered Level 5 of the Dungeon
  4325 | D:5      | HP: 1/47 [ogre/giant spiked club (20)]
  5076 | D:5      | Reached skill level 1 in Armour
  5076 | D:5      | Reached XP level 7. HP: 36/54 MP: 7/7
  5296 | D:5      | Acquired Okawaru's first power
  5514 | D:5      | Reached skill level 6 in Crossbows
  5633 | D:5      | Reached skill level 5 in Fighting
  5633 | D:5      | Reached XP level 8. HP: 59/62 MP: 8/8
  6793 | D:6      | Found Shein's Weapon Shoppe.
  7168 | D:6      | Found a radiant altar of Vehumet.
  8190 | D:6      | Bought a +3 battleaxe of venom for 297 gold pieces
  8302 | D:7      | Reached XP level 9. HP: 17/71 MP: 9/9
  8767 | D:7      | Reached skill level 7 in Crossbows
  9115 | D:7      | Reached skill level 5 in Dodging
 10498 | D:8      | Reached skill level 8 in Crossbows
 10596 | D:8      | Reached XP level 10. HP: 75/80 MP: 10/10
 10872 | D:8      | HP: 4/80 [ogre/giant club (28)]
 10875 | D:8      | Slain by an ogre

Action                   |  1- 3 |  4- 6 |  7- 9 | 10-12 || total
-------------------------+-------+-------+-------+-------++-------
Melee: Short sword       |     3 |       |       |       ||     3
       Mace              |       |   112 |    26 |       ||   138
       Flail             |       |   104 |   393 |       ||   497
       Battleaxe         |       |       |   112 |    12 ||   124
 Fire: Hand crossbow     |    90 |    49 |   174 |       ||   313
Evoke: Wand              |       |    13 |     1 |     1 ||    15
  Use: Scroll            |       |     1 |    12 |       ||    13
 Stab: Sleeping          |       |     2 |     1 |       ||     3
       Distracted        |       |       |     1 |       ||     1
